 Dungeon Crawl Stone Soup version 0.23.1 (webtiles) character file.

Game seed: 0

61968 Chiseanne the Thaumaturge (level 14, -4/121 HPs)
             Began as a Minotaur Wizard on Mar 15, 2019.
             Was an Initiate of Gozag.
             Shot with a bolt by a yaktaur captain (28 damage)
             ... on level 12 of the Dungeon.
             The game lasted 01:39:13 (33572 turns).

Chiseanne the Thaumaturge (Minotaur Wizard)        Turns: 33572, Time: 01:39:13

Health: -4/121     AC: 14    Str: 17    XL:     14   Next: 62%
Magic:  0/38       EV: 24    Int: 21    God:    Gozag
Gold:   1143       SH:  7    Dex: 21    Spells: 21/37 levels left

rFire    x . .     SeeInvis .   a - +9 mace of the Thing {speed, rC+ Dex+6}
rCold    + + +     Gourm    .   R - +1 buckler
rNeg     . . .     Faith    .   E - +3 ring mail of Immorality {rF- rC+ MP+9}
rPois    +         Spirit   +   b - +1 hat
rElec    .         Reflect  .   u - scarf {repulsion}
rCorr    .         Harm     .   (no gloves)
MR       +....                  x - +1 pair of boots
Stlth    +.........             p - amulet of guardian spirit
HPRegen  0.30/turn              T - ring of protection from cold
MPRegen  0.26/turn              W - ring of Zovaxom {rPois Str+5 Int+4}

@: agile, gold aura, contaminated, glowing, repel missiles
A: retaliatory headbutt, horns 2, dopey 1
a: Potion Petition, Call Merchant, Bribe Branch, Renounce Religion


You were on level 12 of the Dungeon.
You worshipped Gozag.
Gozag was most pleased with you.
You were full.

You visited 4 branches of the dungeon, and saw 23 of its levels.

You collected 5994 gold pieces.
You spent 1621 gold pieces at shops.
You paid 3230 gold pieces to Gozag.

Inventory:

Hand Weapons
 a - the +9 mace of the Thing (weapon) {speed, rC+ Dex+6}
   (You found it on level 6 of the Dungeon)

   Attacks with this weapon are significantly faster.
   It affects your dexterity (+6).
   It protects you from cold.
 q - a +5 hand crossbow of freezing
 s - the +1 falchion of Inference {flame, rF+}
   (You bought it in a shop on level 11 of the Dungeon)

   It has been specially enchanted to burn those struck by it, causing extra
   injury to most foes and up to half again as much damage against particularly
   susceptible opponents.
   Big, fiery blades are also staple armaments of hydra-hunters.
   It protects you from fire.
 w - a +8 blowgun
 V - the +5 long sword "Ogrebane" {protect, Dex+9}
   (You bought it in a shop on level 11 of the Dungeon)

   It protects the one who uses it against injury (+AC on strike).
   It affects your dexterity (+9).
Missiles
 c - 110 bolts
 k - 136 sling bullets
 L - 6 tomahawks of dispersal (quivered)
 M - 2 throwing nets
 Z - 16 tomahawks
Armour
 b - a +1 hat (worn)
 u - a scarf of repulsion (worn)
 x - a +1 pair of boots (worn)
 D - a +1 robe of the Archmagi
 E - the +3 ring mail of Immorality (worn) {rF- rC+ MP+9}
   (You bought it in a shop on level 11 of the Dungeon)

   It makes you vulnerable to fire.
   It protects you from cold.
   It affects your magic capacity (+9).
 R - a +1 buckler (worn)
 Y - the +2 robe of the Crown {rPois rCorr Str+3}
   (You bought it in a shop on level 12 of the Dungeon)

   It affects your strength (+3).
   It protects you from poison.
   It provides partial protection from all sources of acid and corrosion.
Magical Staves
 X - an uncursed staff of power
Jewellery
 p - an amulet of guardian spirit (around neck)
 A - an uncursed ring of protection from magic
 G - an uncursed amulet of the acrobat
 I - an uncursed ring of flight
 T - a ring of protection from cold (left hand)
 W - the ring of Zovaxom (right hand) {rPois Str+5 Int+4}
   (You bought it in a shop on level 1 of the Orcish Mines)

   [ring of strength]

   It affects your strength (+5).
   It affects your intelligence (+4).
   It protects you from poison.
Wands
 B - a wand of acid (3)
 H - a wand of iceblast (6)
 N - a wand of flame (23)
 P - a wand of random effects (11)
Scrolls
 i - 2 scrolls of enchant armour
 n - a scroll of remove curse
 o - 4 scrolls of amnesia
 r - 4 scrolls of fog
 t - 3 scrolls of fear
 v - 3 scrolls of magic mapping
 C - a scroll of teleportation
 J - 3 scrolls of immolation
 U - 3 scrolls of enchant weapon
Potions
 f - a potion of lignification
 h - 11 potions of curing
 j - 5 potions of mutation
 l - 4 potions of haste
 m - a potion of ambrosia
 z - a potion of resistance
 F - 4 potions of berserk rage
 K - 4 potions of brilliance
 O - a potion of might
 S - 6 potions of flight
Miscellaneous
 Q - a lightning rod (1/4)
Comestibles
 d - 9 rations


   Skills:
 - Level 10.1 Fighting
 - Level 11.0 Armour
 - Level 9.7 Dodging
 - Level 1.5 Stealth
 - Level 4.3 Shields
 * Level 12.3 Spellcasting
 - Level 9.5 Conjurations
   Level 0.6 Summonings
 - Level 0.6 Translocations


You had 21 spell levels left.
You knew the following spells:

 Your Spells              Type           Power        Failure   Level  Hunger
a - Magic Dart            Conj           ####         1%          1    None
b - Blink                 Tloc           N/A          10%         2    None
c - Conjure Flame         Conj/Fire      ####....     3%          3    None
d - Mephitic Cloud        Conj/Pois/Air  ####....     7%          3    None
e - Throw Icicle          Conj/Ice       ####....     12%         4    None
f - Regeneration          Chrm/Necr      ##........   24%         3    None

Your spell library contained the following spells:

 Spells                   Type           Power        Failure   Level  Hunger
 Throw Frost              Conj/Ice       ####..       1%          2    None
 Summon Butterflies       Summ           ###.....     6%          1    None
 Animate Skeleton         Necr           N/A          9%          1    None
 Freeze                   Ice            ##..         9%          1    None
 Infusion                 Chrm           ##..         9%          1    None
 Call Imp                 Summ           ###.....     10%         2    None
 Shroud of Golubria       Chrm/Tloc      ##........   11%         2    None
 Slow                     Hex            ##......     12%         2    None
 Song of Slaying          Chrm           ##......     12%         2    None
 Call Canine Familiar     Summ           ###.....     19%         3    None
 Ozocubu's Armour         Chrm/Ice       ##......     24%         3    None
 Spectral Weapon          Hex/Chrm       ##......     24%         3    None
 Summon Ice Beast         Ice/Summ       ##......     58%         4    None
 Cause Fear               Hex            ##........   63%         4    None
 Summon Mana Viper        Hex/Summ       ##......     90%         5    ####...
 Silence                  Hex/Air        ##........   92%         5    ####...
 Yara's Violent Unravell  Hex/Tmut       ##........   92%         5    ####...
 Deflect Missiles         Chrm/Air       ##........   100%        6    #####..
 Summon Hydra             Summ           ###.......   100%        7    #######
 Discord                  Hex            ##........   100%        8    #######


Dungeon Overview and Level Annotations

Branches:
Dungeon (14/15)            Temple (1/1) D:5            Lair (6/6) D:11
  Swamp (0/4) Lair:3       Spider (0/4) Lair:3        Slime (0/5) Lair:6
    Orc (2/2) D:10            Elf (0/3) Orc:2        Vaults (0/5) D:13

Altars:
Ashenzari
Cheibriados
Dithmenos
Elyvilon
Fedhas
Gozag
Hepliaklqana
Kikubaaqudgha
Makhleb
Nemelex Xobeh
Okawaru
Qazlal
Ru
Sif Muna
Trog
Uskayaw
Vehumet
Wu Jian
Xom
Yredelemnul
Zin
The Shining One
Beogh

Shops:
D:8 (   D:11 [(   D:12 [   Orc:1 *

Annotations:
Lair:3 exclusion: 4 oklob plants
Lair:4 3 runed translucent doors, Banto's ghost, journeyman OpEE
Orc:2 Rupert


Innate Abilities, Weirdness & Mutations

You reflexively headbutt those who attack you in melee.
You have a pair of horns on your head.
You are dopey. (Int -2)


Message History

Aim: a yaktaur captain (lightly wounded, covered in acid)
The bolt of acid hits the yaktaur captain!
The yaktaur captain is splashed with acid!
The acid corrodes the yaktaur captain!
The yaktaur captain is moderately wounded.
The yaktaur captain hits you.
* * * LOW HITPOINT WARNING * * *
As you read the scroll of fear, it crumbles to dust.
You assume a fearsome visage.
The yaktaur captain looks frightened!
The yaktaur captain starts to cry.
There is an open door here.
You enter the shallow water.
Moving in this stuff is going to be slow.
You close the door.
You open the door.
A yaktaur captain opens the door.
There is an open door here.
The yaktaur captain wields a +0 arbalest.
The yaktaur captain shoots a bolt.
The bolt hits you!!
You die...
Your body crumbles into a pile of gold.

###############(..#
#....(......
##..$(.......
#............
######..#.......
#≈≈≈≈#..........
###≈≈≈≈#..........
#.'≈≈≈≈c..........
#@#≈≈≈≈#..........
#.#≈≈≈≈#..........
#.########........
#.# #...........
#.# #...........
#.#####..........#
#................#
######...........#
#............


You could see a yaktaur captain.

Vanquished Creatures
  Agnes (D:14)
  Harold (D:8)
  3 catoblepae (Lair:6)
  9 hydras
  A death knight (D:12)
  2 two-headed ogres
  6 death yaks
  3 centaur warriors
  2 fire crabs
  Pikel (D:6)
  2 orc knights
  4 deep elf magi (D:12)
  A wolf spider (Lair:3)
  A lindwurm (Lair:4)
  A harpy (D:13)
  3 ugly things
  An orc sorcerer (Orc:2)
  3 manticores
  4 black mambas
  2 molten gargoyles (Lair:5)
  A torpor snail (Lair:5)
  A kobold demonologist (D:13)
  10 spiny frogs
  A rime drake (shapeshifter) (D:13)
  6 komodo dragons
  A yaktaur (D:12)
  4 trolls
  A polar bear (Lair:6)
  A hornet (D:12)
  4 slime creatures
  11 blink frogs
  6 hippogriffs
  3 dream sheep
  53 yaks
  4 wyverns
  A human (D:7)
  3 hogs (D:7)
  6 hungry ghosts
  6 basilisks
  A steam dragon (D:13)
  Menkaure (D:4)
  5 insubstantial wisps
  A warg (Orc:1)
  2 soldier ants
  11 water moccasins
  10 porcupines
  8 sky beasts
  3 hell hounds (D:10)
  14 orc warriors
  A slave (D:6)
  3 phantoms
  2 black bears
  2 hornet zombies
  4 ice beasts
  A necrophage (D:8)
  3 ogres
  9 centaurs
  6 wolves (Lair:1)
  9 crocodiles
  A big kobold (D:12)
  15 bullfrogs
  A gnoll sergeant (D:9)
  A wyvern skeleton (D:9)
  3 scorpions
  9 killer bees
  4 wights (D:11)
  2 electric eels (Lair:1)
  3 howler monkeys (D:11)
  5 crimson imps
  A bullfrog zombie (D:12)
  5 lava snakes (Lair:5)
  5 centaur zombies
  3 bullfrog skeletons
  8 jellies
  10 orc priests
  4 hounds
  3 centaur skeletons
  4 iguanas
  2 hell rats (D:11)
  10 orc wizards
  6 worker ants
  2 hound skeletons
  10 river rats
  10 adders
  4 gnolls (D:9)
  4 shadow imps
  12 white imps (D:13)
  An ooze (D:6)
  2 adder zombies
  An adder skeleton (D:4)
  2 worms
  2 dart slugs
  4 leopard geckos
  41 orcs
  2 ball pythons (D:1)
  5 bats
  4 giant cockroaches
  10 goblins
  9 hobgoblins
  12 jackals
  5 quokkas
  2 frilled lizards
  15 kobolds
  3 quokka skeletons
  A quokka zombie (D:8)
  26 rats
  A plant (Lair:1)
565 creatures vanquished.

Vanquished Creatures (collateral kills)
  A kobold demonologist (D:9)
  A hell hound (D:10)
  A necrophage (D:14)
  A big kobold (D:14)
  A killer bee (D:8)
  2 orc priests (D:13)
  4 kobolds (D:14)
11 creatures vanquished.

Vanquished Creatures (others)
  A centaur zombie (D:11)
  A hell hound (D:10)
  5 fungi
  21 plants
28 creatures vanquished.

Grand Total: 604 creatures vanquished

Notes
Turn   | Place    | Note
-------+----------+-------------------------------------------
     0 | D:1      | Chiseanne the Minotaur Wizard began the quest for the Orb.
     0 | D:1      | Reached XP level 1. HP: 14/14 MP: 2/2
   245 | D:1      | Reached skill level 1 in Conjurations
   277 | D:1      | Reached XP level 2. HP: 22/22 MP: 0/4
   786 | D:2      | Reached skill level 1 in Fighting
  1058 | D:1      | Reached XP level 3. HP: 19/28 MP: 0/5
  2206 | D:2      | Found an ancient bone altar of Kikubaaqudgha.
  2953 | D:3      | Reached XP level 4. HP: 35/35 MP: 0/7
  3169 | D:3      | Learned a level 2 spell: Blink
  3173 | D:3      | Learned a level 3 spell: Conjure Flame
  3944 | D:4      | Noticed Menkaure
  4603 | D:5      | Entered Level 5 of the Dungeon
  4641 | D:5      | Noticed an ice beast
  4673 | D:4      | Reached XP level 5. HP: 41/41 MP: 4/8
  4694 | D:4      | Reached skill level 3 in Spellcasting
  5169 | D:4      | Killed Menkaure
  5169 | D:4      | Reached XP level 6. HP: 49/50 MP: 6/10
  5397 | D:5      | Noticed Edmund
  5575 | D:5      | Learned a level 3 spell: Mephitic Cloud
  5679 | D:5      | Noticed Edmund
  5679 | D:5      | Edmund changed into Edmund the bullfrog
  5682 | D:5      | Killed Edmund the bullfrog
  5732 | D:5      | Found a sparkling altar of Nemelex Xobeh.
  5912 | D:5      | Killed an ice beast
  5912 | D:5      | Reached XP level 7. HP: 57/57 MP: 5/11
  6283 | D:5      | Found a staircase to the Ecumenical Temple.
  6307 | Temple   | Entered the Ecumenical Temple
  6459 | Temple   | Became a worshipper of Gozag Ym Sagoz the Greedy
  6554 | D:5      | Reached skill level 4 in Spellcasting
  7014 | D:6      | Got a jewelled mace
  7016 | D:6      | Identified the +9 mace of the Thing {speed, rC+ Dex+6} (You
                  | found it on level 6 of the Dungeon)
  7091 | D:6      | Reached XP level 8. HP: 65/66 MP: 1/13
  7835 | D:6      | Noticed Pikel
  7859 | D:6      | Killed Pikel
  7859 | D:6      | Reached skill level 5 in Fighting
  7859 | D:6      | Reached skill level 5 in Dodging
  7859 | D:6      | Reached skill level 5 in Spellcasting
  8373 | D:7      | Reached skill level 5 in Conjurations
  8462 | D:7      | Reached XP level 9. HP: 71/74 MP: 6/15
  9090 | D:7      | Reached skill level 6 in Spellcasting
  9612 | D:8      | Reached XP level 10. HP: 63/83 MP: 8/18
  9864 | D:8      | Found a shadowy altar of Dithmenos.
  9927 | D:8      | Noticed Harold
  9943 | D:8      | Killed Harold
 10544 | D:8      | Found a basalt altar of Yredelemnul.
 11310 | D:9      | Found a deep blue altar of Sif Muna.
 11329 | D:9      | Identified Sif Muna's Papyrus of Unholy Magic
 11349 | D:9      | Found an ancient bone altar of Kikubaaqudgha.
 11590 | D:9      | Reached skill level 7 in Spellcasting
 11858 | D:10     | Entered Level 10 of the Dungeon
 12100 | D:10     | Found a staircase to the Orcish Mines.
 12859 | D:10     | Noticed a hell knight
 12862 | D:10     | Noticed a fire crab
 12862 | D:10     | a hell knight changed into a fire crab
 13049 | D:9      | Noticed a centaur warrior
 13382 | D:11     | Reached XP level 11. HP: 90/93 MP: 21/21
 13404 | D:11     | Noticed a centaur warrior
 13417 | D:11     | Killed a centaur warrior
 13619 | D:11     | Noticed a two-headed ogre
 13628 | D:11     | Killed a two-headed ogre
 13746 | D:11     | Bought a scorched falchion for 216 gold pieces
 13746 | D:11     | Bought an iridescent long sword for 229 gold pieces
 13749 | D:11     | Identified the +5 long sword "Ogrebane" {protect, Dex+9}
                  | (You bought it in a shop on level 11 of the Dungeon)
 13751 | D:11     | Identified the cursed +1 falchion of Inference {flame, rF+}
                  | (You bought it in a shop on level 11 of the Dungeon)
 13785 | D:11     | Noticed a six-headed hydra
 14401 | D:11     | Noticed a seven-headed hydra
 14417 | D:11     | Killed a five-headed hydra
 14417 | D:11     | Reached skill level 8 in Spellcasting
 14444 | D:11     | Found a staircase to the Lair.
 14477 | D:11     | Killed a four-headed hydra
 15119 | D:11     | You fall through a shaft for 3 floors!
 15279 | D:14     | Noticed Agnes
 15310 | D:14     | Killed Agnes
 15350 | D:14     | Reached XP level 12. HP: 73/104 MP: 11/23
 15431 | D:13     | Noticed a centaur warrior
 15443 | D:13     | Killed a centaur warrior
 15829 | D:13     | Noticed an ironheart preserver
 15837 | D:13     | Noticed a death yak
 15837 | D:13     | an ironheart preserver changed into a death yak
 15859 | D:13     | Killed a death yak
 15954 | D:13     | Found a gate to the Vaults.
 15983 | D:13     | Reached skill level 10 in Fighting
 16067 | D:13     | Noticed a two-headed ogre
 16077 | D:13     | Killed a two-headed ogre
 16077 | D:13     | Reached skill level 9 in Spellcasting
 16900 | D:11     | Reached skill level 1 in Armour
 16900 | D:11     | Reached skill level 1 in Shields
 17344 | Orc:1    | Entered Level 1 of the Orcish Mines
 17456 | Orc:1    | Found a roughly hewn altar of Beogh.
 17594 | Orc:1    | Found Dihek's Assorted Antiques.
 17614 | Orc:1    | Bought a warped ivory ring for 130 gold pieces
 17614 | Orc:1    | Bought a scroll of identify for 52 gold pieces
 17618 | Orc:1    | Identified the ring of Zovaxom {rPois Str+5 Int+4} (You
                  | bought it in a shop on level 1 of the Orcish Mines)
 17672 | Orc:1    | Bought a fine flail for 221 gold pieces
 17672 | Orc:1    | Bought a garnet ring for 130 gold pieces
 17852 | Orc:1    | Identified the +2 flail of Purpose {crush, Dex+3} (You
                  | bought it in a shop on level 1 of the Orcish Mines)
 17875 | Orc:2    | Entered Level 2 of the Orcish Mines
 17890 | Orc:2    | Noticed a centaur warrior
 17897 | Orc:2    | Noticed Rupert
 17924 | Orc:2    | Paralysed by Rupert for 7 turns
 18067 | Orc:2    | Found a staircase to the Elven Halls.
 18392 | Orc:1    | Learned a level 4 spell: Throw Icicle
 18478 | D:11     | Noticed a seven-headed hydra
 18487 | D:11     | Killed a seven-headed hydra
 18603 | Lair:1   | Entered Level 1 of the Lair of Beasts
 19378 | Lair:1   | Reached XP level 13. HP: 69/113 MP: 1/25
 19677 | D:11     | Bought a warped ring mail for 225 gold pieces
 19688 | D:11     | Identified the +3 ring mail of Immorality {rF- rC+ MP+9}
                  | (You bought it in a shop on level 11 of the Dungeon)
 19728 | D:11     | Bought a transparent scale mail for 225 gold pieces
 19739 | D:11     | Identified the cursed +0 scale mail "Etustyol" {Str+3} (You
                  | bought it in a shop on level 11 of the Dungeon)
 20445 | Lair:2   | Reached skill level 10 in Spellcasting
 21753 | Lair:2   | Found a basalt altar of Yredelemnul.
 22984 | Lair:3   | Reached skill level 5 in Armour
 23086 | Lair:3   | Found a hole to the Spider Nest.
 23231 | Lair:3   | Found a staircase to the Swamp.
 23338 | Lair:3   | Found the brooch of Shielding {Reflect SH+8}
 24425 | Lair:3   | Reached skill level 11 in Spellcasting
 24814 | Lair:4   | Noticed Banto's ghost (journeyman OpEE)
 24987 | Lair:4   | Found a white marble altar of Elyvilon.
 25289 | Lair:4   | Found a runed translucent gate.
 25289 | Lair:4   | Found a runed translucent gate.
 25289 | Lair:4   | Found a runed translucent gate.
 28085 | Lair:6   | Entered Level 6 of the Lair of Beasts
 28452 | Lair:6   | Reached XP level 14. HP: 108/121 MP: 10/28
 28609 | Lair:6   | Learned a level 3 spell: Regeneration
 29251 | Lair:6   | Found a staircase to the Slime Pits.
 29938 | Lair:6   | Reached skill level 10 in Armour
 31567 | Lair:6   | Got a dull robe
 31582 | Lair:6   | Identified the cursed +0 robe "Pitimur" {*Contam rN+ Str-5
                  | Dex+8} (You found it on level 6 of the Lair of Beasts)
 31622 | Lair:6   | Gained mutation: You are dopey. (Int -2) [mutagenic glow]
 32197 | D:12     | Bought a heavy robe for 193 gold pieces
 32208 | D:12     | Identified the +2 robe of the Crown {rPois rCorr Str+3}
                  | (You bought it in a shop on level 12 of the Dungeon)
 32697 | D:12     | Reached skill level 12 in Spellcasting
 33572 | D:12     | Shot with a bolt by a yaktaur captain

Skill      XL: |  1  2  3  4  5  6  7  8  9 10 11 12 13 14 |
---------------+-------------------------------------------+-----
Conjurations   | 1 2 3 5 6 7 8 9 |  9.5
Fighting       | 1 2 3 4 5 6 8 9 10 | 10.1
Dodging        | 3 4 5 6 7 9 |  9.7
Spellcasting   | 3 4 5 6 7 8 9 11 12 | 12.3
Armour         | 4 8 11 | 11.0
Shields        | 4 |  4.3
Stealth        | |  1.5
Summonings     | |  0.6
Translocations | |  0.6

Action                   |  1- 3 |  4- 6 |  7- 9 | 10-12 | 13-15 || total
-------------------------+-------+-------+-------+-------+-------++-------
Melee: Dagger            |    81 |    12 |       |       |       ||    93
       Headbutt          |    11 |     7 |    33 |    98 |   171 ||   320
       Unarmed           |     1 |       |       |       |       ||     1
       Flail             |       |     3 |       |       |       ||     3
       Short sword       |       |    50 |    27 |       |       ||    77
       Mace              |       |       |   156 |   451 |   467 ||  1074
       Falchion          |       |       |    18 |     6 |    70 ||    94
       Long sword        |       |       |       |       |    86 ||    86
       Staff             |       |       |       |       |     8 ||     8
 Fire: Blowgun           |       |       |       |    22 |       ||    22
 Cast: Magic Dart        |    81 |   106 |   182 |   479 |    99 ||   947
       Mephitic Cloud    |       |     1 |     3 |    32 |    53 ||    89
       Blink             |       |     1 |       |     3 |    15 ||    19
       Conjure Flame     |       |       |     1 |    24 |     4 ||    29
       Throw Icicle      |       |       |       |     2 |   151 ||   153
Invok: Call Merchant     |       |       |       |     2 |     2 ||     4
Evoke: Wand              |       |     2 |       |    57 |    17 ||    76
       Lightning rod     |       |       |       |     7 |     9 ||    16
  Use: Scroll            |     8 |     8 |     7 |    16 |    12 ||    51
       Potion            |       |       |       |     5 |     7 ||    12
 Stab: Sleeping          |     1 |       |     3 |       |       ||     4
       Confused          |       |     1 |     1 |     7 |    16 ||    25
       Distracted        |       |       |     2 |     1 |       ||     3
       Held in net/web   |       |       |       |     1 |       ||     1
       Invisible         |       |       |       |       |     5 ||     5
  Eat: Chunk             |     7 |     8 |       |       |       ||    15
       Ration            |       |     1 |     6 |    12 |    13 ||    32
Armor: Robe              |    13 |    14 |       |       |       ||    27
       Leather armour    |       |     3 |    61 |   121 |       ||   185
       Ring mail         |       |       |       |       |   180 ||   180
Dodge: Dodged            |    69 |    44 |   116 |   449 |   521 ||  1199
       Deflected         |       |       |     3 |    35 |    11 ||    49
Block: Buckler           |       |       |       |    63 |   191 ||   254
       Rpst.: Falchion   |       |       |     3 |     2 |    15 ||    20
       Long sword        |       |       |       |       |    24 ||    24
